 Dungeon Crawl Stone Soup version 0.27-a0-955-gb57c80000f (webtiles) character file.

Game seed: 6591495713683705459

70 Glokmah the Grasshopper (level 4, 0/38 HPs)
             Began as a Draconian Warper on Apr 12, 2021.
             Was a Plaything of Xom.
             Slain by a gnoll
             ... wielding a +0 spear
              (8 damage)
             ... on level 2 of the Dungeon.
             The game lasted 00:03:20 (1640 turns).

Glokmah the Grasshopper (Draconian Warper)          Turns: 1640, Time: 00:03:20

Health: 0/38       AC:  6    Str: 15    XL:     4   Next: 4%
Magic:  7/7        EV: 12    Int: 13    God:    Xom [.*....]
Gold:   50         SH:  0    Dex: 10    Spells: 5/7 levels left

rFire    . . .     SeeInvis .   a - +3 quarterstaff (chaos)
rCold    . . .     Faith    .   (shield currently unavailable)
rNeg     . . .     Spirit   .   (armour unavailable)
rPois    .         Reflect  .   (helmet restricted)
rElec    .         Harm     .   m - +0 cloak
rCorr    +         Rampage  .   (no gloves)
Will     .....                  (no boots)
Stlth    +.........             (no amulet)
HPRegen  0.12/turn              i - ring of resist corrosion
MPRegen  0.10/turn              (no ring)

@: no status effects
A: AC +5, unfitting armour, cold-blooded
a: Renounce Religion


You were on level 2 of the Dungeon.
You worshipped Xom.
You were a plaything of Xom.
You visited 1 branch of the dungeon, and saw 2 of its levels.

You collected 50 gold pieces.

Inventory:

Hand Weapons
 a - a +3 quarterstaff of chaos (weapon)
 j - a +2 mace of protection
Missiles
 b - 67 stones
 d - 5 boomerangs of dispersal (quivered)
Armour
 m - a +0 cloak (worn)
Jewellery
 i - a ring of resist corrosion (left hand)
Scrolls
 c - a scroll of blinking
 e - a scroll of fear {unknown}
 g - a scroll of fog {unknown}
Potions
 f - 2 potions of might {unknown}
 h - a potion of heal wounds {unknown}
 k - 2 potions of attraction {unknown}


   Skills:
 * Level 3.2 Fighting
 - Level 2.1 Axes
 * Level 0.2 Staves
 - Level 0.8 Throwing
 + Level 2.4 Dodging
 + Level 2.4 Spellcasting
 * Level 3.6 Translocations


You had 5 spell levels left.
You knew the following spells:

 Your Spells              Type           Power      Damage    Failure   Level
a - Blink                 Tloc           N/A        N/A       9%          2

Your spell library contained the following spells:

 Spells                   Type           Power      Damage    Failure   Level
 Apportation              Tloc           22%        N/A       5%          1
 Gell's Gravitas          Tloc           5%         N/A       16%         3
 Lesser Beckoning         Tloc           5%         N/A       16%         3
 Teleport Other           Tloc           11%        N/A       16%         3
 Animate Skeleton         Necr           2%         N/A       24%         1
 Corona                   Hex            1%         N/A       24%         1
 Summon Small Mammal      Summ           4%         N/A       24%         1
 Manifold Assault         Tloc           11%        N/A       83%         5


Dungeon Overview and Level Annotations

Branches:
Dungeon (2/15)

Altars:
Xom


Innate Abilities, Weirdness & Mutations

Your plain brown scales are hard. (AC +5)
You cannot fit into any form of body armour.
You are cold-blooded and may be slowed by cold attacks.


Message History

a - a +3 quarterstaff of chaos (weapon);
s - a +0 hand axe You drop a +0 hand axe.
Found an escape hatch in the floor.
A gnoll comes into view. It is wielding a +0 club.
The gnoll shouts!
A gnoll comes into view. It is wielding a +0 halberd.
A gnoll comes into view. It is wielding a +0 spear.
The gnoll shouts! x2
An adder comes into view.
Found a leather armour and 6 gold pieces.
The adder hisses angrily.
Xom grants you insight.
You feel aware of your surroundings.
Xom makes a sudden noise!
You hear someone calling for help!
You are now a plaything of Xom.
A giant cockroach comes into view.
You thump the gnoll! You tail-slap the gnoll.
The gnoll is almost dead.
The gnoll barely misses you. The gnoll misses you.
The gnoll closely misses you.
You hit the gnoll. Lightning courses through the gnoll!
You kill the gnoll!
The gnoll misses you.
You have reached level 4!
You feel stronger. The gnoll hits you with a +0 halberd!
The gnoll closely misses you.
Things that are here:
a +0 club; a gnoll corpse You thump the gnoll!
The gnoll seems to grow stronger.
The gnoll is severely wounded.
The giant cockroach bites you but does no damage.
The gnoll hits you with a +0 halberd!
The gnoll hits you from afar with a +0 spear.
* * * LOW HITPOINT WARNING * * *
The giant cockroach barely misses you.
You hit the gnoll.
You kill the gnoll!
The giant cockroach closely misses you.
The gnoll hits you from afar with a +0 spear!
You die...

## ... ,, , , .##...
,,,..............,, .......
,............####
.......#####...............*
................,..........
...............###.........
...............+,......... +
..#####........###.....####*,
...............B@Sg........,
...............###.....### ,
.........#....## #........[
..............## #.........
...............# #.........,,
........)......###.........
..###.............>........ ,
..# #..........####........
..####.........# #......$. ,


You could see a gnoll, an adder and a giant cockroach.

Vanquished Creatures
  Crazy Yiuf (D:2)
  2 gnolls (D:2)
  A dart slug (D:1)
  2 endoplasms (D:1)
  A giant cockroach (D:1)
  2 goblins (D:2)
  4 hobgoblins
  5 jackals (D:1)
  A quokka (D:1)
  2 ball pythons (D:1)
  5 bats (D:1)
  2 frilled lizards
  A kobold (D:1)
  A rat (D:1)
30 creatures vanquished.

Notes
Turn   | Place    | Note
-------+----------+-------------------------------------------
     0 | D:1      | Glokmah the Draconian Warper began the quest for the Orb.
     0 | D:1      | Reached XP level 1. HP: 17/17 MP: 3/3
   134 | D:1      | Reached XP level 2. HP: 24/25 MP: 5/5
   330 | D:1      | Found a faded altar of an unknown god.
   337 | D:1      | Became a worshipper of Xom of Chaos
   413 | D:1      | Learned a level 2 spell: Blink
   737 | D:1      | XOM: divination: detect creatures
  1177 | D:2      | Reached XP level 3. HP: 30/30 MP: 6/6
  1250 | D:2      | Found a runed translucent door.
  1251 | D:2      | Noticed Crazy Yiuf
  1256 | D:2      | XOM: enchant monster (bad)
  1262 | D:2      | Killed Crazy Yiuf
  1630 | D:2      | XOM: divination: magic mapping
  1631 | D:2      | XOM: noise
  1638 | D:2      | Reached XP level 4. HP: 38/38 MP: 7/7
  1640 | D:2      | Slain by a gnoll

Illustrated notes

Levels and vault maps discovered:
D:1:      dpeg_arrival_rooms_c, layout_basic, ebering_ecumenical_altar_webs,
          minmay_tiny_reverse_x
D:2:      minmay_thinvault, layout_basic, uniq_crazy_yiuf_cottage

Skill      XL: |  1  2  3 |
---------------+----------+-----
Fighting       | 3 |  3.2
Axes           | |  2.1
Staves         | |  0.2
Throwing       | |  0.8
Dodging        | |  2.4
Spellcasting   | |  2.4
Translocations | |  3.6

Action                   |  1- 3 |  4- 6 || total
-------------------------+-------+-------++-------
Melee: Hand axe          |    93 |       ||    93
       Tailslap          |    12 |       ||    12
       Mace              |    13 |       ||    13
       Quarterstaff      |     2 |     2 ||     4
Armor: Skin              |    58 |     1 ||    59
Dodge: Dodged            |   104 |     3 ||   107

Table legend: (Time is in decaauts)
 A = Elapsed time spent in this place.
 B = Non-inter-level travel time spent in this place.
 C = Inter-level travel time spent in this place.
 D = Time resting spent in this place.
 E = Time spent auto-exploring this place.
 F = Levels seen in this place.
 G = Mean time per level.
                   A        B        C        D        E       F      G
               +--------+--------+--------+--------+--------+-----+--------+
         Total |   1664 |   1546 |    118 |      0 |   1205 |   2 |  832.0 |
       Dungeon |   1664 |   1546 |    118 |      0 |   1205 |   2 |  832.0 |
               +--------+--------+--------+--------+--------+-----+--------+

Top non-repeatable levels by time:
     D:1: 1182 daAuts
     D:2: 481 daAuts
